 Dungeon Crawl Stone Soup version 0.29-a0-297-g7659ce593d (webtiles) character file.

Game seed: 175065145086709248

21 Dabor the Stinger (level 2, -1/22 HPs)
             Began as a Naga Venom Mage on Mar 22, 2022.
             Was a Follower of Vehumet.
             Slain by a worm (9 damage)
             ... on level 2 of the Dungeon.
             The game lasted 00:02:17 (2160 turns).

Dabor the Stinger (Naga Venom Mage)                 Turns: 2160, Time: 00:02:18

Health: -1/22      AC:  3    Str: 10    XL:     2   Next: 83%
Magic:  1/5        EV: 10    Int: 15    God:    Vehumet [*.....]
Gold:   111        SH:  0    Dex: 11    Spells: 2/5 levels left

rFire   . . .      SeeInvis +   (no weapon)
rCold   . . .      Faith    .   (no shield)
rNeg    . . .      Spirit   .   a - +0 robe
rPois   +          Reflect  .   (no helmet)
rElec   .          Harm     .   i - +0 cloak
rCorr   .          Rampage  .   j - +0 pair of gloves
Will    .....                   (no barding)
Stlth   ++........              (no amulet)
HPRegen 0.07/turn               (no ring)
MPRegen 0.09/turn               (no ring)

@: short of breath, very slightly contaminated, very slow
A: AC +0, large, see invisible, deformed body, poison resistance, slowness 2,
spit poison 1, naga tail 1
a: Spit Poison, Renounce Religion


You were on level 2 of the Dungeon.
You worshipped Vehumet.
Vehumet was aware of your devotion.
You visited 1 branch of the dungeon, and saw 2 of its levels.

You collected 111 gold pieces.

Inventory:

Missiles
 f - a throwing net
Armour
 a - a +0 robe (worn)
 i - a +0 cloak (worn)
 j - a +0 pair of gloves (worn)
Scrolls
 c - 3 scrolls of magic mapping {unknown}
 d - a scroll of teleportation {unknown}
 e - 3 scrolls of identify {unknown}
 k - a scroll of fog {unknown}
 l - a scroll of immolation {unknown}
 m - a scroll of acquirement {unknown}
Potions
 b - 2 potions of magic
 g - 3 potions of degeneration {unknown}
 h - a potion of brilliance {unknown}


   Skills:
 + Level 0.2 Fighting
 + Level 1.8 Dodging
 - Level 3.2 Stealth
 * Level 2.3 Spellcasting
 + Level 1.3 Transmutations
 + Level 0.2 Air Magic
 * Level 4.3 Poison Magic


You had 2 spell levels left.
You knew the following spells:

 Your Spells              Type           Power      Damage    Failure   Level
a - Sting                 Tmut/Pois      40%        1d5       7%          1
b - Poisonous Vapours     Pois/Air       16%        N/A       13%         2

Your spell library contained the following spells:

 Spells                   Type           Power      Damage    Failure   Level
 Magic Dart               Conj           4%         1d3       22%         1
 Summon Small Mammal      Summ           4%         N/A       22%         1
 Mephitic Cloud           Conj/Pois/Air  6%         N/A       34%         3
 Olgreb's Toxic Radiance  Pois           14%        N/A       36%         4
 Call Canine Familiar     Summ           1%         N/A       54%         3
 Summon Guardian Golem    Hex/Summ       1%         N/A       54%         3
 Alistair's Intoxication  Tmut/Pois      6%         N/A       88%         5
 Borgnjor's Vile Clutch   Necr/Erth      0%         N/A       99%         5
 Eringya's Noxious Bog    Tmut/Pois      5%         N/A       100%        6


Dungeon Overview and Level Annotations

Branches:
Dungeon (2/15)

Altars:
Vehumet


Innate Abilities, Weirdness & Mutations

Your serpentine skin is tough. (AC +0)
You have supernaturally acute eyesight. (SInv)
Armour fits poorly on your strangely shaped body.
Your system is resistant to poisons. (rPois)
You cover ground very slowly.
You can spit poison.
You have a snake-like lower body.


Message History

The worm is moderately wounded.
The sting hits the worm.
The worm looks even sicker.
The worm is heavily wounded.
You miscast Sting.
You are very lightly contaminated with residual magic.
Nothing appears to happen.
The worm bites you.
You miscast Sting.
Nothing appears to happen.
You are too depleted to draw on your mana recklessly!
You are too depleted to draw on your mana recklessly!
You are too depleted to draw on your mana recklessly!
You hit the worm but do no damage.
The worm is heavily wounded.
The worm barely misses you.
You hit the worm.
The worm is heavily wounded.
You hit the worm but do no damage.
The worm is heavily wounded.
The worm closely misses you.
You barely miss the worm.
The worm is heavily wounded.
The worm bites you but does no damage.
You barely miss the worm. You punch the worm.
The worm is heavily wounded.
You hit the worm.
The worm is severely wounded.
The worm bites you.
You hit the worm but do no damage.
The worm is severely wounded.
You hit the worm but do no damage.
The worm is severely wounded.
The worm bites you!
You are too injured to fight recklessly!
You are too injured to fight recklessly!
Aiming: Spit Poison (2% risk of failure)
Press: ? - help, Shift-Dir - straight line, f/p - worm
Aim: a worm (severely wounded, poisoned, 86% to hit)
The splash of poison hits the worm.
The worm is almost dead.
The worm bites you!
You die...

###
#########†....
####.....@w..#
#....#########
#.#### ####.#
#....# ###
####..♣.# ##.#
#....♣♣.##
###.<#
.........##
#....#
###....#..####
##.##.#


You could see a worm (poisoned).

Vanquished Creatures
  A worm (D:2)
  A dart slug (D:2)
  2 endoplasms (D:1)
  A giant cockroach (D:2)
  A goblin (D:1)
  A hobgoblin (D:2)
  4 kobolds
  2 bats
  A frilled lizard (D:1)
  3 rats (D:2)
17 creatures vanquished.

Notes
Turn   | Place    | Note
-------+----------+-------------------------------------------
     0 | D:1      | Dabor the Naga Venom Mage began the quest for the Orb.
     0 | D:1      | Reached XP level 1. HP: 15/15 MP: 3/3
    64 | D:1      | Found a faded altar of an unknown god.
  1322 | D:1      | Reached XP level 2. HP: 19/22 MP: 0/5
  1492 | D:1      | Prayed at the altar of an unknown god.
  1492 | D:1      | Became a worshipper of Vehumet
  1492 | D:1      | Reached * piety under Vehumet
  1492 | D:1      | Offered knowledge of Magic Dart by Vehumet.
  1496 | D:1      | Learned a level 2 spell: Poisonous Vapours
  2160 | D:2      | Slain by a worm

Illustrated notes

Levels and vault maps discovered:
D:1:      nagdon_arrival_double_spiral, layout_basic, basic_ecumenical_altar,
          minivault_19
D:2:      layout_rooms, chequers_mini_garden, minmay_heptomino_h4

Action                   || total
-------------------------++-------
Melee: Unarmed           ||    27
       Punch             ||     1
 Cast: Sting             ||    32
 Abil: Spit Poison       ||     5
Armor: Robe              ||    20
Dodge: Dodged            ||    24

Table legend: (Time is in decaauts)
 A = Elapsed time spent in this place.
 B = Non-inter-level travel time spent in this place.
 C = Inter-level travel time spent in this place.
 D = Time resting spent in this place.
 E = Time spent auto-exploring this place.
 F = Levels seen in this place.
 G = Mean time per level.
                   A        B        C        D        E       F      G
               +--------+--------+--------+--------+--------+-----+--------+
         Total |   2686 |   2484 |    202 |    413 |   1871 |   2 | 1343.0 |
       Dungeon |   2686 |   2484 |    202 |    413 |   1871 |   2 | 1343.0 |
               +--------+--------+--------+--------+--------+-----+--------+

Top non-repeatable levels by time:
     D:1: 1967 daAuts
     D:2: 719 daAuts
